 Dungeon Crawl Stone Soup version 0.21.1-1-g345015fe64 (webtiles) character file.

268 JOKERXD40 the Chopper (level 6, -1/53 HPs)
             Began as a Hill Orc Monk on June 20, 2018.
             Was a Believer of Beogh.
             Slain by abdbla's ghost (9 damage)
             ... on level 4 of the Dungeon.
             The game lasted 00:08:25 (2453 turns).

JOKERXD40 the Chopper (Hill Orc Monk)               Turns: 2453, Time: 00:08:25

Health: -1/53      AC:  8    Str: 14 (16) XL:     6   Next: 21%
Magic:  6/6        EV:  4    Int:  9 (10) God:    Beogh [**....]
Gold:   200        SH:  7    Dex: 13 (15) Spells: 5/5 levels left

rFire    . . .     SeeInvis .   s - +1 hand axe (freeze)
rCold    . . .     Gourm    .   h - +0 shield
rNeg     . . .     Faith    +   e - +0 chain mail
rPois    .         Spirit   .   (no helmet)
rElec    .         Reflect  .   (no cloak)
rCorr    .         Harm     .   (no gloves)
MR       .....                  (no boots)
Stlth    ..........             k - amulet of faith
HPRegen  0.17/turn              (no ring)
MPRegen  0.10/turn              (no ring)

@: no status effects
A: agile 1, deterioration 1, evolution 1
a: Smiting, Renounce Religion


You were on level 4 of the Dungeon.
You worshipped Beogh.
Beogh was pleased with you.
You were not hungry.

You visited 1 branch of the dungeon, and saw 4 of its levels.

You collected 200 gold pieces.

Inventory:

Hand Weapons
 s - a +1 hand axe of freezing (weapon)
Missiles
 a - 4 tomahawks (quivered)
Armour
 e - a +0 chain mail (worn)
 h - a +0 shield (worn)
Jewellery
 k - an amulet of faith (around neck)
Wands
 n - a wand of digging (12)
Scrolls
 b - 5 scrolls of identify
 d - 5 scrolls of remove curse
 f - a scroll of fog
 g - a scroll of magic mapping {unknown}
 q - a scroll of amnesia
Potions
 i - 2 potions of degeneration
 j - a potion of mutation
 l - 2 potions of curing {unknown}
 o - a potion of invisibility {unknown}
 p - a potion of flight {unknown}
 r - a potion of might {unknown}
Books
 m - a book of Cantrips

   Spells                             Type                      Level
   a - Confusing Touch                Hexes                        1
   b - Animate Skeleton               Necromancy                   1
   c - Summon Small Mammal            Summoning                    1
   d - Apportation                    Translocation                1
Comestibles
 c - 5 rations


   Skills:
 + Level 4.7 Fighting
 + Level 6.7 Axes
 + Level 2.1 Armour
 + Level 3.1 Dodging
 + Level 1.5 Stealth
 + Level 1.5 Shields


You had 5 spell levels left.
You didn't know any spells.

Dungeon Overview and Level Annotations

Branches:
Dungeon (4/15)
 Temple: D:4-7

Altars:
Gozag
Sif Muna
Zin

Shops:
D:3 *

Annotations:
D:4 abdbla's ghost, novice GrFi


Innate Abilities, Weirdness & Mutations

You are agile. (Dex +2)
Your body sometimes deteriorates upon taking damage.
You evolve.


Message History

You block the quokka's attack.
You closely miss the quokka. You block the quokka's attack.
The quokka bites you but does no damage.
You slash the quokka! You freeze the quokka.
You kill the quokka!
Beogh accepts your kill.
It was a potion of degeneration.
There was something very wrong with that liquid.
You feel weakened.
You feel dopey.
You feel clumsy. Abdbla's ghost hits you!
* * * LOW HITPOINT WARNING * * *
You hit abdbla's ghost. You freeze abdbla's ghost.
Abdbla's ghost is lightly damaged.
Abdbla's ghost hits you.
* * * LOW HITPOINT WARNING * * *
It was a potion of mutation.
You feel extremely strange.
You feel agile.
You feel yourself wasting away.
You feel nature experimenting on you.
Don't worry, failures die fast.
Abdbla's ghost hits you!
You die...

# #. #.## ...##
.... #####..
.......#### #
#.@Wa###o###..
####§w§§a.....
#...§§§§##.##..
#.#####§§..
###.... .....
.... .... ...


You could see a worm, a worker ant and abdbla's ghost.

Vanquished Creatures
  An orc priest (D:3)
  Jessica (D:2)
  Terence (D:2)
  2 orc wizards (D:3)
  A hound skeleton (D:4)
  3 gnolls (D:3)
  2 adders
  An adder skeleton (D:3)
  2 worms
  2 dart slugs (D:1)
  8 orcs (D:3)
  3 giant cockroaches
  5 goblins
  8 hobgoblins
  8 jackals
  2 quokkas
  5 bats
  4 frilled lizards
  3 kobolds
  9 rats
71 creatures vanquished.

Vanquished Creatures (others)
  An orc priest (D:3)
  2 orcs (D:3)
3 creatures vanquished.

Grand Total: 74 creatures vanquished

Notes
Turn   | Place    | Note
-------+----------+-------------------------------------------
     0 | D:1      | JOKERXD40 the Hill Orc Monk began the quest for the Orb.
     0 | D:1      | Reached XP level 1. HP: 19/19 MP: 1/1
   150 | D:1      | Reached XP level 2. HP: 27/27 MP: 2/2
   758 | D:2      | Reached XP level 3. HP: 27/33 MP: 3/3
   870 | D:2      | Found a deep blue altar of Sif Muna.
   945 | D:2      | Found a glowing silver altar of Zin.
  1197 | D:2      | Noticed Jessica
  1198 | D:2      | Noticed Terence
  1202 | D:2      | Killed Jessica
  1202 | D:2      | Reached skill level 1 in Armour
  1222 | D:2      | Killed Terence
  1222 | D:2      | Reached skill level 5 in Axes
  1222 | D:2      | Reached XP level 4. HP: 38/40 MP: 4/4
  1478 | D:3      | Reached XP level 5. HP: 46/46 MP: 5/5
  1648 | D:3      | Became a worshipper of Beogh the Brigand
  1648 | D:3      | Reached * piety under Beogh
  1648 | D:3      | Reached ** piety under Beogh
  1658 | D:3      | Reached skill level 1 in Shields
  1704 | D:3      | Reached skill level 6 in Axes
  1961 | D:3      | Reached XP level 6. HP: 17/53 MP: 6/6
  2255 | D:3      | Found an opulent altar of Gozag.
  2257 | D:3      | Found Gozag's Platinum Reserve.
  2432 | D:4      | Noticed abdbla's ghost (novice GrFi)
  2453 | D:4      | Gained mutation: You are agile. (Dex +2) [potion of mutation]
  2453 | D:4      | Gained mutation: Your body sometimes deteriorates upon taking damage. [potion of mutation]
  2453 | D:4      | Gained mutation: You evolve. [potion of mutation]
  2453 | D:4      | Slain by abdbla's ghost

Skill      XL: |  1  2  3  4  5 |
---------------+----------------+-----
Fighting       | 4 |  4.7
Armour         | 1 2 |  2.1
Axes           | 5 6 |  6.7
Dodging        | 3 |  3.1
Shields        | 1 |  1.5
Stealth        | |  1.5

Action                   |  1- 3 |  4- 6 || total
-------------------------+-------+-------++-------
Melee: Hand axe          |   107 |   177 ||   284
Invok: Convert to Beogh  |       |     1 ||     1
  Use: Scroll            |     1 |     2 ||     3
       Potion            |       |     2 ||     2
  Eat: Chunk             |       |     5 ||     5
Armor: Chain mail        |    85 |    97 ||   182
Dodge: Dodged            |    41 |    37 ||    78
Block: Shield            |    10 |    67 ||    77
